 Dungeon Crawl Stone Soup version 0.23.0-3-gf3c87f2 (webtiles) character file.

Game seed: 5242583492487836078

2634 eccles the Cleaver (level 9, -8/79 HPs)
             Began as a Minotaur Berserker on Feb 15, 2019.
             Was an Elder of Trog.
             Killed by divine providence
             ... invoked by an orc priest
              (9 damage)
             ... on level 8 of the Dungeon on Feb 22, 2019.
             The game lasted 00:35:11 (6148 turns).

eccles the Cleaver (Minotaur Berserker)             Turns: 6148, Time: 00:35:12

Health: -8/79      AC: 19    Str: 24    XL:     9   Next: 35%
Magic:  8/8        EV:  9    Int:  4    God:    Trog [****..]
Gold:   381        SH:  0    Dex: 14    Spells: 8/8 levels left

rFire    . . .     SeeInvis .   h - +2 hand axe (venom)
rCold    . . .     Gourm    .   (no shield)
rNeg     . . .     Faith    .   D - +2 plate armour
rPois    .         Spirit   .   (helmet restricted)
rElec    .         Reflect  .   (no cloak)
rCorr    .         Harm     .   (no gloves)
MR       .....                  (no boots)
Stlth    ..........             (no amulet)
HPRegen  0.23/turn              z - +4 ring of protection
MPRegen  0.11/turn              H - +3 ring of dexterity

@: no status effects
A: retaliatory headbutt, horns 2
a: Berserk, Trog's Hand, Brothers in Arms, Renounce Religion


You were on level 8 of the Dungeon.
You worshipped Trog.
Trog was greatly pleased with you.
You were not hungry.

You visited 1 branch of the dungeon, and saw 8 of its levels.

You collected 381 gold pieces.

Inventory:

Hand Weapons
 a - a +0 hand axe
 h - a +2 hand axe of venom (weapon)
Missiles
 l - 5 exploding tomahawks (quivered)
 t - 3 tomahawks of returning
 y - 8 tomahawks of dispersal
Armour
 e - a +0 scale mail
 D - a +2 plate armour (worn)
Jewellery
 z - a +4 ring of protection (left hand)
 H - a +3 ring of dexterity (right hand)
Wands
 b - a wand of enslavement (9)
 m - a wand of random effects (18)
 v - a wand of scattershot (5)
Scrolls
 d - 10 scrolls of teleportation
 f - a scroll of immolation
 j - 4 scrolls of fog
 n - 3 scrolls of remove curse
 u - 2 scrolls of magic mapping
 w - a scroll of fear
 B - a scroll of blinking
Potions
 i - 3 potions of lignification
 k - a potion of might {unknown}
 o - a potion of invisibility {unknown}
 p - a potion of heal wounds {unknown}
 r - 2 potions of berserk rage {unknown}
 s - 3 potions of curing {unknown}
 x - a potion of mutation {unknown}
 C - 2 potions of degeneration {unknown}
Comestibles
 c - 19 rations


   Skills:
 * Level 7.5 Fighting
 * Level 11.7 Axes
 + Level 7.0 Armour
 + Level 4.0 Dodging
 + Level 1.0 Stealth


You had 8 spell levels left.
You didn't know any spells.
Your spell library was empty.

Dungeon Overview and Level Annotations

Branches:
Dungeon (8/15)             Temple (0/1) D:6            Lair (0/6) D:8

Altars:
Ashenzari
Elyvilon
Fedhas
Gozag
Hepliaklqana
Makhleb
Nemelex Xobeh
Okawaru
Ru
Trog
Uskayaw
Vehumet
Xom
Zin
The Shining One


Innate Abilities, Weirdness & Mutations

You reflexively headbutt those who attack you in melee.
You have a pair of horns on your head.


Message History

The orc priest miscasts a cantrip.
The orc warrior hits you with a +0 glaive!
There is an open door, spattered with blood here.
Things that are here:
a +0 club; a warg corpse You closely miss the orc warrior.
You hit something but do no damage.
You hear some strange, mumbled words.
A magic dart appears from out of thin air!
The magic dart hits you!
You hit the orc warrior but do no damage.
The orc warrior is poisoned.
You hit something.
The orc warrior hits you with a +0 glaive!!
* * * LOW HITPOINT WARNING * * *
Something hits you but does no damage.
The orc warrior hits you from afar with a +0 glaive!!
* * * LOW HITPOINT WARNING * * *
There is a stone staircase leading up here.
The orc priest invokes the aid of Beogh against you.
Beogh smites you!
You die...

##########
#........##+##+##
#.....@.o)o{....#
#........#o.....#
#........#..o...#
#........#...##.#
###############.#
... ##.o. .o.o.
..o..P


You could see an orc warrior, an orc priest and an orc.

Vanquished Creatures
  Sigmund (D:2)
  A yak (D:6)
  A warg (D:8)
  2 orc warriors (D:6)
  A black bear (D:6)
  An ice beast (D:5)
  2 phantoms
  3 ogres
  A centaur (D:5)
  A big kobold (D:7)
  A bullfrog (D:6)
  2 scorpions (D:6)
  A water moccasin skeleton (D:6)
  An electric eel (D:6)
  A howler monkey (D:4)
  A bullfrog zombie (D:6)
  A centaur zombie (D:7)
  4 crimson imps (D:6)
  A hound (D:6)
  A centaur skeleton (D:5)
  A gnoll shaman (D:6)
  3 orc wizards (D:6)
  4 orc priests
  A jelly (D:6)
  A bullfrog skeleton (D:6)
  Jessica (D:2)
  An iguana (D:6)
  4 worker ants
  2 hound skeletons
  A worker ant zombie (D:5)
  5 adders
  6 gnolls
  3 shadow imps
  A worm (D:4)
  An adder skeleton (D:6)
  A dart slug (D:3)
  8 leopard geckos
  29 orcs
  3 ball pythons
  2 giant cockroaches
  6 goblins
  7 hobgoblins
  13 jackals
  A quokka (D:7)
  7 bats
  4 frilled lizards
  9 kobolds
  A quokka skeleton (D:4)
  8 rats
  3 toadstools (D:1)
165 creatures vanquished.

Vanquished Creatures (others)
  A toadstool (D:1)
1 creature vanquished.

Grand Total: 166 creatures vanquished

Notes
Turn   | Place    | Note
-------+----------+-------------------------------------------
     0 | D:1      | eccles the Minotaur Berserker began the quest for the Orb.
     0 | D:1      | Reached XP level 1. HP: 19/19 MP: 0/0
   387 | D:1      | Reached XP level 2. HP: 16/27 MP: 1/1
   517 | D:1      | Reached skill level 4 in Axes
  1285 | D:2      | Reached XP level 3. HP: 22/33 MP: 2/2
  1560 | D:2      | Reached ** piety under Trog
  1760 | D:2      | Noticed Sigmund
  1769 | D:2      | Killed Sigmund
  1769 | D:2      | Reached skill level 5 in Fighting
  1769 | D:2      | Reached skill level 5 in Axes
  1769 | D:2      | Reached XP level 4. HP: 35/42 MP: 3/3
  1769 | D:2      | Reached XP level 5. HP: 40/48 MP: 4/4
  1937 | D:2      | Noticed Jessica
  1941 | D:2      | Killed Jessica
  2012 | D:2      | Found a sparkling altar of Nemelex Xobeh.
  2124 | D:2      | Upgraded the game from 0.23.0 to 0.23.0-3-gf3c87f2
  2454 | D:3      | Reached XP level 6. HP: 53/56 MP: 5/5
  2812 | D:4      | Reached skill level 6 in Axes
  2852 | D:4      | Reached *** piety under Trog
  3014 | D:4      | Reached XP level 7. HP: 61/61 MP: 6/6
  3183 | D:4      | Found a sacrificial altar of Ru.
  3183 | D:4      | Found a glowing golden altar of the Shining One.
  3444 | D:5      | Entered Level 5 of the Dungeon
  3495 | D:5      | Reached skill level 7 in Axes
  3627 | D:5      | Reached skill level 5 in Armour
  3756 | D:5      | Found a burning altar of Makhleb.
  3887 | D:5      | You fall through a shaft for 2 floors!
  3893 | D:7      | Reached skill level 8 in Axes
  4257 | D:6      | Found a white marble altar of Elyvilon.
  4337 | D:6      | Reached XP level 8. HP: 70/70 MP: 7/7
  4470 | D:5      | Reached skill level 9 in Axes
  4550 | D:5      | Found a shimmering altar of Xom.
  4552 | D:5      | Found a radiant altar of Vehumet.
  4552 | D:5      | Found a sacrificial altar of Ru.
  4554 | D:5      | Found a shattered altar of Ashenzari.
  4554 | D:5      | Found a glowing silver altar of Zin.
  4554 | D:5      | Found a stormy altar of Qazlal.
  4674 | D:6      | Found a blossoming altar of Fedhas.
  4813 | D:6      | Reached **** piety under Trog
  4813 | D:6      | Reached skill level 1 in Stealth
  4915 | D:6      | Reached skill level 10 in Axes
  5159 | D:6      | Found a staircase to the Ecumenical Temple.
  5501 | D:6      | Reached XP level 9. HP: 70/78 MP: 8/8
  5522 | D:6      | Reached skill level 11 in Axes
  5733 | D:7      | Found a hazy altar of Hepliaklqana.
  5912 | D:7      | Found a bloodstained altar of Trog.
  5932 | D:7      | Found an opulent altar of Gozag.
  5933 | D:7      | Found an iron altar of Okawaru.
  5936 | D:7      | Found a hide-covered altar of Uskayaw.
  6127 | D:8      | Found a staircase to the Lair.
  6146 | D:8      | HP: 1/79 [orc warrior/+0 glaive (20)]
  6148 | D:8      | Killed from afar by an orc priest

Skill      XL: |  1  2  3  4  5  6  7  8  9 |
---------------+----------------------------+-----
Fighting       | 4 5 6 7 |  7.5
Axes           | 4 5 6 8 10 11 | 11.7
Armour         | 3 4 5 6 7 |  7.0
Dodging        | 3 4 |  4.0
Stealth        | 1 |  1.0

Action                   |  1- 3 |  4- 6 |  7- 9 || total
-------------------------+-------+-------+-------++-------
Melee: Hand axe          |    84 |    93 |   244 ||   421
       Headbutt          |     4 |    16 |    51 ||    71
Invok: Berserk           |     1 |       |     1 ||     2
  Use: Scroll            |       |     1 |    14 ||    15
  Eat: Chunk             |     3 |     3 |     9 ||    15
       Ration            |       |     1 |       ||     1
Armor: Animal skin       |     5 |       |       ||     5
       Ring mail         |    14 |     7 |       ||    21
       Scale mail        |       |    27 |    31 ||    58
       Plate armour      |       |       |    68 ||    68
       Chain mail        |       |       |    14 ||    14
Dodge: Dodged            |    61 |    56 |    96 ||   213
